 Dungeon Crawl Stone Soup version 0.22-a0-42-g002c468 (webtiles) character file.

18 tidbits the Grave Robber (level 2, -1/20 HPs)
             Began as a Gnoll Necromancer on Jan 5, 2018.
             Slain by an adder (2 damage)
             ... on level 5 of the Dungeon.
             The game lasted 00:03:36 (342 turns).

tidbits the Grave Robber (Gnoll Necromancer)         Turns: 342, Time: 00:03:36

Health: -1/20      AC:  2    Str: 10    XL:     2   Next: 70%
Magic:  4/7        EV: 14    Int: 17    God:
Gold:   44         SH:  0    Dex: 15    Spells: 9/10 levels left

rFire    . . .     SeeInvis .   m - +2 war axe (chop)
rCold    . . .     Gourm    .   (no shield)
rNeg     . . .     Faith    .   a - +0 robe
rPois    .         Spirit   .   (no helmet)
rElec    .         Reflect  .   (no cloak)
rCorr    .         Harm     .   (no gloves)
MR       .....                  (no boots)
Stlth    +++.......             (no amulet)
HPRegen  0.06/turn              (no ring)
MPRegen  0.10/turn              (no ring)

@: lethally poisoned (-1 -> -5)
A: distributed training, fangs 1, strong nose
a: no special abilities


You were on level 5 of the Dungeon.
You were not hungry.

You visited 1 branch of the dungeon, and saw 5 of its levels.

You collected 44 gold pieces.

Inventory:

Hand Weapons
 g - a +0 mace
 i - a +0 spear
 j - a +0 whip
 m - a +2 war axe of chopping (weapon)
   (You found it on level 3 of the Dungeon)
Missiles
 k - 2 stones (quivered)
Armour
 a - a +0 robe (worn)
Scrolls
 f - 3 scrolls of identify {unknown}
 h - a scroll of amnesia {unknown}
 n - a scroll of magic mapping {unknown}
 o - a scroll of remove curse {unknown}
Potions
 d - 2 potions of lignification {unknown}
 e - 2 potions of brilliance {unknown}
 l - a potion of curing {unknown}
 p - a potion of flight {unknown}
 q - a potion of haste {unknown}
Books
 b - a book of Necromancy

   Spells                             Type                      Level
   a - Pain                           Necromancy                   1
   b - Animate Skeleton               Necromancy                   1
   c - Vampiric Draining              Necromancy                   3
   d - Regeneration                   Charms/Necromancy            3
   e - Animate Dead                   Necromancy                   4
   f - Borgnjor's Vile Clutch         Necromancy/Earth             5
Comestibles
 c - 2 rations


   Skills:
 + Level 0.5 Fighting
 + Level 0.5 Short Blades
 + Level 0.5 Long Blades
 + Level 0.5 Axes
 + Level 0.5 Maces & Flails
 + Level 0.5 Polearms
 + Level 0.5 Staves
 + Level 0.5 Slings
 + Level 0.5 Bows
 + Level 0.5 Crossbows
 + Level 0.5 Throwing
 + Level 0.5 Armour
 + Level 4.5 Dodging
 + Level 4.1 Stealth
 + Level 0.5 Shields
 + Level 0.5 Unarmed Combat
 + Level 4.9 Spellcasting
 + Level 0.3 Conjurations
 + Level 0.3 Hexes
 + Level 0.3 Charms
 + Level 0.3 Summonings
 + Level 7.0 Necromancy
 + Level 0.3 Translocations
 + Level 0.3 Transmutations
 + Level 0.3 Fire Magic
 + Level 0.3 Ice Magic
 + Level 0.3 Air Magic
 + Level 0.3 Earth Magic
 + Level 0.3 Poison Magic
 + Level 0.6 Invocations
 + Level 0.5 Evocations


You had 9 spell levels left.
You knew the following spells:

 Your Spells              Type           Power        Failure   Level  Hunger
a - Pain                  Necr           ####         1%          1    None


Dungeon Overview and Level Annotations

Branches:
Dungeon (5/15)
 Temple: D:4-7

Altars:
Kikubaaqudgha
Nemelex Xobeh


Innate Abilities, Weirdness & Mutations

Your experience applies equally to all skills.
You have very sharp teeth.
Your uncanny sense of smell can sniff out nearby items.


Message History

Found a stone staircase leading down.
You see here a glowing war axe.
m - a glowing war axe Wield which item (- for none, * to show all)? (? for menu, Esc to quit)
m - a +2 war axe of chopping (weapon)
Found a scroll labeled BUC FOSAMUIH.
n - a scroll labeled BUC FOSAMUIH
Found a scroll labeled TEGRAI LIDU.
Found a stone staircase leading down.
There is a stone staircase leading down here.
There is a stone staircase leading down here.
o - a scroll labeled TEGRAI LIDU You open the door.
Found an ancient bone altar of Kikubaaqudgha.
There is a stone staircase leading down here.
You climb downwards.
There is a stone staircase leading up here.
You climb upwards.
There is a stone staircase leading down here.
There is a stone staircase leading down here.
You climb downwards.
Found 11 gold pieces.
There is a stone staircase leading up here.
You now have 30 gold pieces (gained 11).
You open the door.
Found a bubbling ruby potion.
There is an open door here.
d - 2 bubbling ruby potions (gained 1)
Found 14 gold pieces.
Found a stone staircase leading down.
An ooze comes into view.
The ooze quivers.
Casting: Pain
Confirm with . or Enter, or press ? or * to list all spells.
Aiming: Pain
Press: ? - help, Shift-Dir - straight line, f - ooze
Aim: an ooze (chance to defeat MR: 84%)
The ooze writhes in agony!
Casting: Pain
Confirm with . or Enter, or press ? or * to list all spells.
Aiming: Pain
Press: ? - help, Shift-Dir - straight line, f/p - ooze
Aim: an ooze (heavily wounded, chance to defeat MR: 84%)
The ooze writhes in agony!
You slash the ooze!
You kill the ooze!
You now have 44 gold pieces (gained 14).
You open the door.
Found a fizzy puce potion.
There is a stone staircase leading down here.
You climb downwards.
Found 11 stones.
Found a sparkling altar of Nemelex Xobeh.
There is a stone staircase leading up here.
You climb upwards.
There is a stone staircase leading down here.
Found a ruby potion.
p - a fizzy puce potion
Found a green potion.
e - 2 ruby potions (gained 1)
A hound skeleton comes into view.
q - a green potion You open the door.
There is an open door here.
You close the door.
There is a stone staircase leading down here.
You climb downwards.
There is a stone staircase leading up here.
An adder comes into view.
Found 3 gold pieces.
There is a fountain of sparkling water here.
There is a sparkling altar of Nemelex Xobeh here.
There is a fountain of sparkling water here.
An adder comes into view.
Found a ration.
The adder hisses angrily.
The adder misses you.
You see here a ration.
Casting: Pain
Confirm with . or Enter, or press ? or * to list all spells.
Aiming: Pain
Press: ? - help, Shift-Dir - straight line, f - adder
Aim: an adder (chance to defeat MR: 89%)
The adder writhes in agony!
The adder bites you.
* * * LOW HITPOINT WARNING * * *
Casting: Pain
Confirm with . or Enter, or press ? or * to list all spells.
Aiming: Pain
Press: ? - help, Shift-Dir - straight line, f/p - adder
Aim: an adder (heavily wounded, chance to defeat MR: 89%)
The adder writhes in agony!
The adder bites you.
* * * LOW HITPOINT WARNING * * *
Casting: Pain
Confirm with . or Enter, or press ? or * to list all spells.
Aiming: Pain
Press: ? - help, Shift-Dir - straight line, f/p - adder
Aim: an adder (severely wounded, chance to defeat MR: 89%)
The adder writhes in agony!
The adder bites you.
* * * LOW HITPOINT WARNING * * *
You are lethally poisoned!
The adder poisons you! The adder bites you.
You die...

# #. #. #.
##$##.####
.........
#.....S#
#(## #@#
#..###.##
##⌠.⌠....#
#.._..#..#
#.⌠.⌠.#..#
#........#
∆
#<....##.#
#.....# .#
##.......#


You could see an adder.

Vanquished Creatures
  An ooze (D:4)
  A dart slug (D:1)
  A giant cockroach (D:1)
  A goblin (D:2)
  4 bats
  2 frilled lizards (D:1)
  3 kobolds
  A rat (D:1)
14 creatures vanquished.

Notes
Turn   | Place    | Note
-------+----------+-------------------------------------------
     0 | D:1      | tidbits the Gnoll Necromancer began the quest for the Orb.
     0 | D:1      | Reached XP level 1. HP: 13/13 MP: 6/6
    84 | D:1      | Reached XP level 2. HP: 4/19 MP: 1/7
   223 | D:3      | Found an ancient bone altar of Kikubaaqudgha.
   286 | D:5      | Entered Level 5 of the Dungeon
   286 | D:5      | Found a sparkling altar of Nemelex Xobeh.
   342 | D:5      | HP: 1/20 [adder (1)]
   342 | D:5      | Slain by an adder

Vault maps used:
D:1:      dpeg_arrival_round_c, minmay_misc_feat_hallway
D:2:      overflow_temple_1_default, grunt_temple_overflow_open, uniq_terence
D:3:      lemuel_doored_altar, trog_eyes_of_draining, first_ration
D:4:      kennysheep_mini, uniq_sigmund
D:5:      nemelex_xobeh_ov_fountains_minmay, minmay_temple_entry_fiery,
          uniq_duvessa, uniq_eustachio

Action                   || total
-------------------------++-------
Melee: Mace              ||     1
       War axe           ||     1
 Cast: Pain              ||    22
 Stab: Sleeping          ||     1
Dodge: Dodged            ||     2

Table legend:
 A = Spawn XP
 B = Non-spawn XP
 C = Spawn XP percentage of total XP
 D = Spawn monster count
 E = Non-spawn monster count
 F = Spawn count percentage of total count
 G = Total turns spent on level
                    A         B        C        D         E        F      G
               +---------+---------+-------+---------+---------+-------+---------
         Total |       0 |      27 |   0.0 |       0 |      14 |   0.0 |   342
               +---------+---------+-------+---------+---------+-------+---------
           D:1 |       0 |      14 |   0.0 |       0 |       9 |   0.0 |   102
           D:2 |       0 |       4 |   0.0 |       0 |       2 |   0.0 |    66
           D:3 |       0 |       2 |   0.0 |       0 |       2 |   0.0 |    61
           D:4 |       0 |       7 |   0.0 |       0 |       1 |   0.0 |   100
               +---------+---------+-------+---------+---------+-------+---------

Table legend:
 A = Turns spent in this place as a percentage of turns spent in the entire game.
 B = Non-inter-level travel turns spent in this place as a percentage of non-inter-level travel turns spent in the entire game.
 C = Inter-level travel turns spent in this place as a percentage of turns spent in this place.
 D = Turns resting spent in this place as a percentage of non-inter-level travel turns spent in this place.
 E = Turns spent auto-exploring this place as a percentage of non-inter-level travel turns spent in this place.
 F = Non-inter-level travel turns spent in this place divided by the number of levels of this place that you've seen.
                   A       B       C       D       E      F
               +-------+-------+-------+-------+-------+----------------------
         Total | 100.0 | 100.0 |   0.0 |   0.0 |   0.0 |  68.4
       Dungeon | 100.0 | 100.0 |   0.0 |   0.0 |   0.0 |  68.4
               +-------+-------+-------+-------+-------+----------------------

Table legend:
 A = Kills in this place as a percentage of kills in entire the game.
 B = Kills by you in this place as a percentage of kills by you in the entire game.
 C = Kills by friends in this place as a percentage of kills by friends in the entire game.
 D = Other kills in this place as a percentage of other kills in the entire game.
 E = Experience gained in this place as a percentage of experience gained in the entire game.
 F = Experience gained in this place divided by the number of levels of this place that you have seen.
                   A       B       C       D       E      F
               +-------+-------+-------+-------+-------+----------------------
         Total | 100.0 | 100.0 |   N/A |   N/A | 100.0 |   5.4
       Dungeon | 100.0 | 100.0 |   N/A |   N/A | 100.0 |   5.4
               +-------+-------+-------+-------+-------+----------------------

Vault maps used:
D:1:      dpeg_arrival_round_c, minmay_misc_feat_hallway
D:2:      overflow_temple_1_default, grunt_temple_overflow_open, uniq_terence
D:3:      lemuel_doored_altar, trog_eyes_of_draining, first_ration
D:4:      kennysheep_mini, uniq_sigmund
D:5:      nemelex_xobeh_ov_fountains_minmay, minmay_temple_entry_fiery,
          uniq_duvessa, uniq_eustachio
